AoeStats
← TheyCallMeNicoleto

Arabia

509989016Analyzed
1v1 RM · 3d ago on Sep 28, 2026· 51m 3s· 2 players
Game mode
Random Map
Map size
Tiny (2 player)
Population
200
Speed
Normal
Resources
Standard
Victory
Conquest
Starting age
Dark Age
Ending age
Imperial Age
RankedLock teamsTeams togetherTeam positionsShared explorationLock speedFull tech treeHidden civsTurbo modeCheats
Victory
Defeat
🇮🇪 Magyars · Ireland
976
+16
🇦🇷 Poles · Argentina
966
-16
TheyCallMeNicoleto
3:26 Loom
11:14 Feudal Age
11:44 Double-Bit Axe
20:08 Castle Age
19:01 Fletching
19:12 Padded Archer Armor
19:55 Scale Mail Armor
20:55 Forging
20:14 Crossbowman
21:28 Pikeman
22:10 Squires
22:22 Arson
25:23 Chain Mail Armor
26:41 Thumb Ring
30:49 Bodkin Arrow
31:45 Ballistics
36:53 Imperial Age
37:21 Capped Ram
39:21 Leather Archer Armor
41:26 Bracer
45:28 Wheelbarrow
44:40 Town Watch
46:34 Arbalester
MrUnluckie
8:05 Loom
10:24 Feudal Age
11:12 Double-Bit Axe
12:59 Bloodlines
16:28 Scale Barding Armor
18:34 Wheelbarrow
22:24 Castle Age
20:13 Horse Collar
21:57 Fletching
22:09 Padded Archer Armor
24:48 Husbandry
27:19 Hand Cart
37:03 Chain Barding Armor
38:18 Bow Saw
41:04 Thumb Ring
48:39 Imperial Age
45:57 Town Watch
49:20 Heavy Plow
50:21 Two-Man Saw
50:02 Cavalier
51:21 Corvinian Army
50:46 Light Cavalry
Connection lost

Rejoining the realm…

Still unreachable

The connection could not be restored.

Session expired

The server has moved on; the page needs a fresh start.